 Dungeon Crawl Stone Soup version 0.31.0-4-g52a2dc7128 (webtiles) character file.

Game seed: 18191151704101187896

2653333 benadryl the End of an Era (level 27, 195/195 HPs)
             Began as a Gargoyle Fighter on Jan 21, 2024.
             Was the Champion of Qazlal.
             Escaped with the Orb
             ... and 4 runes on Jan 23, 2024!
             The game lasted 04:07:55 (56060 turns).

benadryl the End of an Era (Gargoyle Fighter)      Turns: 56060, Time: 04:07:55

Health: 195/195    AC: 67    Str: 43    XL:     27
Magic:  40/40      EV: 13    Int: 14    God:    Qazlal [******]
Gold:   5074       SH: 28    Dex: 11    Spells: 31/31 levels left

rFire   + + .        a - +7 broad axe (elec)
rCold   + . .        w - +1 tower shield {AC+3}
rNeg    + . .        u - +9 gold dragon scales
rPois   ∞            W - +2 hat {SInv}
rElec   +            h - +1 cloak of Mezcal {Regen+ Int+2}
rCorr   .            q - +1 pair of gloves
SInv    +            Z - +2 pair of boots of Hopscotch {Regen+ Str+5 Int+2}
Will    +++..        D - amulet of faith Stlth
                     E - ring "Odyomad" {rF+ rC+ Str+9 Int-2}
HPRegen 2.92/turn    T - ring of willpower
MPRegen 0.27/turn

%: repel missiles, faith
@: flying, hasted, studying 3 skills, very quick
A: sickness immunity, AC +20, big wings, negative energy resistance 1,
electricity resistance, torment resistance 1, petrification resistance, mutation
resistance 1, sense surroundings 1, regeneration 1, screaming 1, cold
vulnerability 1
0: Orb of Zot
}: 4/15 runes: barnacled, slimy, silver, gossamer
a: Renounce Religion, Upheaval, Elemental Force, Disaster Area


You escaped.
You worshipped Qazlal.
Qazlal was exalted by your worship.
You visited 12 branches of the dungeon, and saw 54 of its levels.
You also visited: Ice Cave and Wizlab.

You collected 7973 gold pieces.
You spent 2899 gold pieces at shops.

Inventory:

Hand Weapons
 a - a +7 broad axe of electrocution (weapon)
 b - a +2 eveningstar of holy wrath
 p - a +1 broad axe of freezing
Missiles
 d - 7 throwing nets
 r - 5 silver javelins
 t - 7 boomerangs (quivered)
 S - 11 javelins
Armour
 h - the +1 cloak of Mezcal (worn) {Regen+ Int+2}
   (You found it on level 4 of the Realm of Zot)

   Int+2:     It affects your intelligence (+2).
   Regen+:    It increases your rate of health regeneration.
 o - the +2 faerie dragon scales {Regen+ rCorr Slay+3}
   (You took it off the Enchantress on level 4 of the Depths)

   Slay+3:    It affects your accuracy & damage with ranged weapons and melee
   (+3).
   Regen+:    It increases your rate of health regeneration.
   rCorr:     It protects you from acid and corrosion.
 q - a +1 pair of gloves (worn)
 u - +9 gold dragon scales (worn)
 w - a +1 tower shield of protection (worn)
 W - a +2 hat of see invisible (worn)
 X - the +5 moon troll leather armour {Spirit, Regen++ MP+5}
   (You took it off a moon troll in a wizard's laboratory)

   MP+5:      It affects your magic capacity (+5).
   Regen++:   It increases your rate of health regeneration.
 Z - the +2 pair of boots of Hopscotch (worn) {Regen+ Str+5 Int+2}
   (You found it in an ice cave)

   Str+5:     It affects your strength (+5).
   Int+2:     It affects your intelligence (+2).
   Regen+:    It increases your rate of health regeneration.
Jewellery
 n - the ring "Dopsethri" {Ice Will++ Str-2 Dex+5}
   (You took it off Josephina on level 1 of the Realm of Zot)

   [ring of ice]

   Ice:       It enhances your ice magic.
   Str-2:     It affects your strength (-2).
   Dex+5:     It affects your dexterity (+5).
   rF-:       It makes you vulnerable to fire.
   rC+:       It protects you from cold.
   Will++:    It greatly increases your willpower.
 D - an amulet of faith (around neck)
 E - the ring "Odyomad" (left hand) {rF+ rC+ Str+9 Int-2}
   (You found it in a wizard's laboratory)

   [ring of protection from fire]

   Str+9:     It affects your strength (+9).
   Int-2:     It affects your intelligence (-2).
   rF+:       It protects you from fire.
   rC+:       It protects you from cold.
 T - a ring of willpower (right hand)
Wands
 s - a wand of polymorph (37)
 B - a wand of light (10)
 C - a wand of charming (32)
 P - a wand of digging (10)
 Q - a wand of iceblast (3)
Scrolls
 g - 27 scrolls of teleportation
 i - 3 scrolls of blinking
 v - 3 scrolls of immolation
 y - 7 scrolls of fog
 G - 11 scrolls of poison
 I - 4 scrolls of amnesia
 J - 6 scrolls of fear
 K - 2 scrolls of vulnerability
 O - 4 scrolls of torment
 U - 4 scrolls of summoning
 Y - 2 scrolls of silence
Potions
 f - 2 potions of mutation
 k - a potion of attraction
 l - 7 potions of cancellation
 m - 7 potions of lignification
 x - a potion of haste
 z - a potion of ambrosia
 H - 9 potions of enlightenment
 L - 12 potions of might
 M - 5 potions of heal wounds
 N - 3 potions of resistance
 R - 10 potions of curing {@q1}
 V - 2 potions of invisibility
Miscellaneous
 c - a box of beasts
 e - a phantom mirror
 j - a phial of floods
 A - a lightning rod (4/4)
 F - a tin of tremorstones (2/2)


   Skills:
 - Level 25.7 Fighting
 - Level 18.0 Axes
 - Level 16.0 Throwing
 * Level 19.9 Armour
 - Level 16.1 Dodging
 - Level 18.0 Shields
 - Level 2.8 Spellcasting
 - Level 26.0 Invocations
 - Level 15.0 Evocations


You had 31 spell levels left.
You didn't know any spells.
Your spell library contained the following spells:

 Spells                   Type           Power      Damage    Failure   Level
 Apportation              Tloc           4%         N/A       86%         1
 Foxfire                  Conj/Fire      8%         2x1d4     86%         1
 Freeze                   Ice            8%         1d3       86%         1
 Necrotise                Necr           8%         1d4       86%         1
 Shock                    Conj/Air       8%         1d3       86%         1
 Sting                    Conj/Alch      8%         1d3       86%         1
 Summon Small Mammal      Summ           8%         N/A       86%         1
 Call Imp                 Summ           4%         N/A       95%         2
 Jinxbite                 Hex            4%         N/A       95%         2
 Mercury Vapours          Alch/Air       4%         N/A       95%         2
 Momentum Strike          Conj/Tloc      4%         3d8       95%         2
 Scorch                   Fire           4%         2d5       95%         2
 Call Canine Familiar     Summ           2%         N/A       99%         3
 Dazzling Flash           Conj/Hex       4%         N/A       99%         3
 Frozen Ramparts          Ice            4%         1d1       99%         3
 Gell's Gravitas          Tloc           2%         N/A       99%         3
 Hailstorm                Conj/Ice       2%         3d5       99%         3
 Inner Flame              Hex/Fire       2%         N/A       99%         3
 Mephitic Cloud           Conj/Alch/Air  2%         N/A       99%         3
 Passwall                 Erth           2%         N/A       99%         3
 Stone Arrow              Conj/Erth      4%         3d7       99%         3
 Swiftness                Air            2%         N/A       99%         3
 Teleport Other           Tloc           2%         N/A       99%         3
 Vampiric Draining        Necr           2%         2d6       99%         3
 Volatile Blastmotes      Fire/Tloc      4%         2d10      99%         3
 Animate Armour           Summ/Erth      4%         N/A       100%        4
 Animate Dead             Necr           2%         N/A       100%        4
 Cause Fear               Hex            1%         N/A       100%        4
 Dispel Undead            Necr           2%         3d7       100%        4
 Flame Wave               Conj/Fire      2%         2d4       100%        4
 Ignite Poison            Fire/Alch      2%         N/A       100%        4
 Leda's Liquefaction      Alch/Erth      1%         N/A       100%        4
 Martyr's Knell           Necr/Summ      2%         N/A       100%        4
 Olgreb's Toxic Radiance  Alch           2%         N/A       100%        4
 Petrify                  Alch/Erth      2%         N/A       100%        4
 Sticky Flame             Fire/Alch      2%         2d4       100%        4
 Summon Blazeheart Golem  Fire/Summ      2%         N/A       100%        4
 Vhi's Electric Charge    Tloc/Air       4%         N/A       100%        4
 Alistair's Intoxication  Alch           1%         N/A       100%        5
 Arcjolt                  Conj/Air       1%         1d11      100%        5
 Curse of Agony           Necr           2%         N/A       100%        5
 Fireball                 Conj/Fire      1%         3d3       100%        5
 Freezing Cloud           Conj/Ice/Air   1%         6-21      100%        5
 Irradiate                Conj/Alch      1%         3d12      100%        5
 Lee's Rapid Deconstruct  Erth           1%         3d4*      100%        5
 Summon Forest            Summ/Tloc      1%         N/A       100%        5
 Bombard                  Conj/Erth      1%         9d1       100%        6
 Conjure Ball Lightning   Conj/Air       1%         3x3d6     100%        6
 Death Channel            Necr           1%         N/A       100%        6
 Dispersal                Tloc           1%         N/A       100%        6
 Plasma Beam              Fire/Air       1%         2x1d11    100%        6
 Sculpt Simulacrum        Ice/Alch       1%         N/A       100%        6
 Starburst                Conj/Fire      1%         6d3       100%        6
 Summon Cactus Giant      Summ           1%         N/A       100%        6
 Haunt                    Necr/Summ      1%         N/A       100%        7
 Malign Gateway           Summ/Tloc      1%         N/A       100%        7
 Ozocubu's Refrigeration  Ice            1%         4d7       100%        7
 Summon Hydra             Summ           1%         N/A       100%        7
 Borgnjor's Revivificati  Necr           1%         N/A       100%        8
 Discord                  Hex            1%         N/A       100%        8
 Disjunction              Tloc           1%         N/A       100%        8
 Ignition                 Fire           1%         3d3       100%        8
 Infestation              Necr           1%         N/A       100%        8
 Lehudib's Crystal Spear  Conj/Erth      1%         10d2      100%        8
 Maxwell's Capacitive Co  Air            1%         ∞         100%        8
 Summon Horrible Things   Summ           1%         N/A       100%        8
 Death's Door             Necr           1%         N/A       100%        9
 Dragon's Call            Summ           1%         N/A       100%        9
 Polar Vortex             Ice            1%         N/A       100%        9
 Cigotuvi's Dreadful Rot  Necr/Alch/Air  Unusable   N/A       N/A         2
 Sublimation of Blood     Necr           Unusable   N/A       N/A         2

Dungeon Overview and Level Annotations

Branches:
Dungeon (15/15)            Temple (1/1) D:7            Lair (5/5) D:8
 Shoals (4/4) Lair:3       Spider (4/4) Lair:3        Slime (5/5) Lair:5
    Orc (2/2) D:10            Elf (3/3) Orc:2        Vaults (5/5) D:14
  Crypt (1/3) Vaults:3     Depths (4/4) D:15            Zot (5/5) Depths:4
  IceCv (visited)          WizLab (visited)

Altars:
Ashenzari
Cheibriados
Dithmenos
Elyvilon
Fedhas
Gozag
Hepliaklqana
Kikubaaqudgha
Makhleb
Nemelex Xobeh
Okawaru
Qazlal
Ru
Sif Muna
Trog
Uskayaw
Vehumet
Wu Jian
Xom
Yredelemnul
Zin
The Shining One
Jiyva

Shops:
D:1 :   D:5 (   D:13 =   Orc:2 [:(:*   Elf:1 =   Elf:2 [**   Shoals:1 !
Shoals:3 *   Depths:2 *:   Depths:4 (

Portals:
Hell: Depths:1 Depths:2 Depths:3 Depths:4
Abyss: Depths:3
Pandemonium: Depths:2 Depths:3
Ziggurat: Depths:2
Trove: Elf:1 (give 7 potions of haste)

Annotations:
D:13 2 transporters, Deukiw's ghost, journeyman SpEn
Elf:2 3 runed translucent doors
Zot:4 1 exclusion
Zot:5 1 exclusion


Innate Abilities, Weirdness & Mutations

You are immune to sickness and miasma.
Your stone body is resilient. (AC +20)
You are immune to poison.
Your large and strong wings let you fly.
You resist negative energy. (rN+)
You are resistant to electric shocks. (rElec)
You are resistant to unholy torment.
You are immune to petrification.
You are somewhat resistant to further mutation.
You passively map a small area around you.
Your natural rate of healing is unusually fast.
You occasionally shout uncontrollably at your foes.
You are vulnerable to cold. (rC-)


Message History

There is a stone staircase leading up here.
The Ice Fiend gestures at you. The bolt of cold hits you. You resist.
You feel protected from cold.
You fly upwards.
There is a stone staircase leading down here.
You feel yourself speed up.
Your protection from cold is fading.
You feel less protected from cold.
There is an open door here.
There is an open door here.
There is a stone staircase leading up here.
You fly upwards.
There is a stone staircase leading down here.
Your extra speed is starting to run out.
You see here 4 poisoned darts.
You feel yourself slow down.
A lich and a tentacled monstrosity come into view.
The lich shouts!
The lich casts a spell.
The lich seems to speed up.
The tentacled monstrosity moves out of view.
Kittea Zogh comes into view. It is armed with a chaotic touch.
There is a stone staircase leading up here.
The lich gestures wildly while chanting.
The lich flickers and vanishes for a moment.
Kittea Zogh gestures at you.
Kittea Zogh blinks!
You fly upwards.
There is a stone staircase leading down here.
You feel yourself speed up.
There is a stone staircase leading up here.
You fly upwards.
There is a stone staircase leading down here.
You reach down and open the large door.
There is a large open door here.
There is a large open door here.
There is a fountain of clear blue water here.
There is a staircase leading out of the dungeon here.
You have escaped!

.........# #.# ###.## #######..#
#.# ##..... #..# #.#######.#..##
#..##########[.......###..#
####................####.#...#
#....##.#.........#.# ##.#..#
#.#####.##..#'#..##.#####.#...
#.# #.[####⌠####............ #.#
#8..++⌠@⌠''..8#####.##.# #.#
#..####⌠####..# #.##.# #.#
#.##..#+#..##.# #.##.# #.#
#.#.........#.# #...>. #.#
#.............# ####.# #.#
#.#........#### #.# #.#
#...#####.## #########.#
####.#######.#####.# #.........#
.....##..........#.####.#####.#.#


There were no monsters in sight!

Vanquished Creatures
  the Royal Jelly (Slime:5)
  8 dread liches
  3 orbs of fire (Zot:5)
  6 ancient liches
  Mara (Vaults:5)
  Sojobo (Vaults:2)
  Josephina (Zot:1)
  2 Killer Klowns (Zot:5)
  A curse toe (Zot:4)
  8 golden dragons
  the Enchantress (Depths:4)
  A bone dragon (Depths:4)
  2 electric golems (Zot:5)
  A hellephant (D:15)
  Zenata (Vaults:2)
  An Ice Fiend (IceCv)
  11 tentacled monstrosities
  Rupert (Orc:2)
  A lich (Depths:4)
  5 quicksilver dragons
  The ghost of Vila42 the Warrior, an adept GrMo of the Shining One (Elf:1)
  A moon troll (WizLab)
  20 acid blobs
  18 Orb Guardians (Zot:5)
  Asterion (Spider:1)
  A deep elf blademaster (Elf:3)
  7 death cobs
  4 krakens (Shoals:1)
  Gastronok (D:10)
  4 tentacled starspawn (WizLab)
  8 sphinxes
  5 shadow dragons
  An ancient champion (Depths:1)
  3 tengu reavers
  Roxanne (Elf:1)
  7 storm dragons
  9 rockslimes
  4 protean progenitors
  13 azure jellies
  6 draconian shifters
  7 fire giants
  7 draconian monks
  9 frost giants
  A draconian knight (Zot:5)
  8 emperor scorpions
  An iron dragon (Vaults:5)
  A revenant (Crypt:1)
  11 vault wardens
  6 draconian scorchers
  A deep elf sorcerer (Elf:2)
  A reaper (Depths:3)
  Louise (Spider:3)
  6 orc warlords
  A deep elf elementalist (Elf:3)
  22 ironbound preservers
  3 cacodemons (WizLab)
  6 spriggan defenders
  3 formless jellyfish (Slime:4)
  11 ghost moths
  3 broodmothers
  4 draconian stormcallers
  7 draconian annihilators
  21 very ugly things
  11 quicksilver oozes
  8 ironbound thunderhulks
  11 green draconians
  20 stone giants
  8 black draconians
  2 deep elf demonologists
  Nessos (Lair:4)
  A deep elf death mage (Vaults:5)
  7 deep elf annihilators
  5 white draconians
  11 yellow draconians
  4 dire elephants (Vaults:3)
  5 red draconians
  7 purple draconians
  3 war gargoyles
  4 eidola (Vaults:2)
  A spark wasp (shapeshifter) (Vaults:5)
  20 ettins
  7 spark wasps
  5 jiangshi
  5 merfolk impalers
  A servant of whispers (Elf:1)
  4 deep elf high priests
  12 yaktaur captains
  6 entropy weavers
  5 crystal guardians
  6 merfolk javelineers
  6 fire dragons
  2 rakshasas
  4 hydras
  A hell beast (Depths:1)
  26 vault guards
  A catoblepas (Lair:5)
  An Orb Guardian zombie (Crypt:1)
  5 ice dragons
  A salamander tyrant (Depths:1)
  3 peacekeepers
  5 ironbound frosthearts
  An anaconda (Lair:3)
  12 great orbs of eyes
  4 jorogumos
  An alligator snapping turtle (Shoals:2)
  6 spriggan air magi
  10 centaur warriors
  7 ogre magi
  4 merfolk avatars
  9 boulder beetles
  5 merfolk aquamancers
  Erica (D:9)
  A two-headed ogre (shapeshifter) (Vaults:5)
  2 satyrs (Shoals:4)
  12 deep troll earth magi
  24 two-headed ogres
  11 dancing weapons
  4 deep troll shamans
  A radroach (Spider:1)
  4 demonic crawlers
  4 hell hogs
  7 death yaks
  7 tengu warriors
  2 occultists (Depths:3)
  2 vampire magi
  A titan zombie (Depths:1)
  4 spriggan berserkers
  13 hell knights
  2 sun demons (Depths:3)
  Urug (Lair:5)
  12 deep elf knights
  A salamander mystic (Depths:4)
  A wretched star (WizLab)
  5 iron trolls
  4 pharaoh ants
  4 skysharks
  5 skeletal warriors (D:11)
  9 orb spiders
  9 spriggan simulacra
  6 sea snakes
  A spectral spark wasp (Depths:1)
  7 glowing orange brains
  An obsidian statue (IceCv)
  An orb spider (shapeshifter) (Depths:1)
  9 arcanists
  A golden dragon skeleton (Depths:1)
  13 necromancers
  A mana viper (shapeshifter) (Vaults:5)
  A bog body (IceCv)
  10 phantasmal warriors
  18 ironbound convokers
  An orange crystal statue (WizLab)
  73 deep trolls
  Pikel (D:4)
  18 deep elf archers
  A lindwurm (shapeshifter) (Depths:4)
  23 deep elf pyromancers
  A steelbarb worm (shapeshifter) (Vaults:5)
  8 steelbarb worms
  24 harpies
  15 orc knights
  23 deep elf zephyrmancers
  5 oklob plants (Lair:5)
  4 orc sorcerers
  23 wolf spiders
  5 lindwurms
  5 shining eyes (Slime:5)
  20 moths of wrath
  A shining eye (shapeshifter) (D:15)
  Maurice (D:8)
  9 cyclopes
  35 ugly things
  2 salamanders (Depths:4)
  A tengu skeleton (Depths:1)
  A human zombie (Vaults:2)
  2 fauns (shapeshifter)
  A frost giant zombie (Vaults:3)
  A frost giant skeleton (Depths:1)
  A salamander (shapeshifter) (Elf:1)
  A stone giant zombie (Vaults:3)
  7 manticores
  6 meliai
  21 fauns
  7 merfolk sirens
  3 elephants (Lair:5)
  A meliai (shapeshifter) (Vaults:5)
  A black mamba (shapeshifter) (Vaults:5)
  2 fire giant skeletons
  11 water nymphs
  5 black mambas
  17 vault sentinels
  Joseph (D:10)
  4 torpor snails
  An ice statue (Spider:1)
  A cane toad (shapeshifter) (D:14)
  Maggie (D:10)
  2 gargoyles
  6 eyes of devastation
  12 cane toads
  3 kobold demonologists
  2 hellions
  An unseen horror zombie (D:10)
  2 anaconda simulacra (IceCv)
  5 rime drakes
  3 tengu conjurers
  7 ice devils (IceCv)
  3 freezing wraiths
  An efreet (D:15)
  2 golden dragon simulacra
  14 komodo dragons
  33 yaktaurs
  42 merfolk
  A queen bee (D:11)
  8 trolls
  Grinder (D:3)
  2 wind drakes (Shoals:2)
  6 polar bears
  A troll (shapeshifter) (D:13)
  3 saltlings (Elf:1)
  24 tarantellas
  4 tyrant leeches (Spider:2)
  17 blink frogs
  2 alligator simulacra (IceCv)
  A hornet (shapeshifter) (Vaults:5)
  7 glass eyes
  2 ettin zombies
  A glass eye (shapeshifter) (Elf:2)
  An elf zombie (Vaults:2)
  29 dream sheep
  2 human simulacra (Vaults:3)
  A culicivora (shapeshifter) (Vaults:5)
  23 culicivoras
  72 slime creatures
  5 snapping turtles
  2 spriggans (Depths:4)
  A vampire (D:12)
  34 jumping spiders
  30 water elementals
  2 shadows (D:12)
  3 dire elephant simulacra (IceCv)
  34 yaks
  2 ettin skeletons
  6 wyverns
  A wraith (D:11)
  4 wargs
  A spriggan skeleton (Depths:1)
  8 golden eyes
  21 starcursed masses (WizLab)
  3 fire elementals
  A yaktaur simulacrum (Vaults:3)
  2 basilisks
  Grum (D:8)
  15 vampire mosquitoes
  59 redbacks
  A neqoxec (WizLab)
  2 swamp worms (shapeshifter) (Vaults:5)
  10 minotaur simulacra (IceCv)
  3 hydra simulacra (IceCv)
  14 water moccasins
  3 moth of wrath simulacra (Zot:1)
  A sky beast (D:7)
  A swamp drake (D:10)
  2 black bears
  3 ice beasts
  6 laughing skulls (Crypt:1)
  44 orc warriors
  2 ettin simulacra
  41 ogres
  4 boggarts (Vaults:2)
  38 wolves
  13 centaurs
  A crocodile (D:8)
  A wolf (shapeshifter) (Depths:3)
  4 lemures
  A phantom (D:5)
  7 kobold brigands
  17 bullfrogs
  9 scorpions
  An earth elemental (Elf:3)
  2 gnoll sergeants
  An elf skeleton (Crypt:1)
  6 deep troll simulacra (IceCv)
  A human skeleton (Vaults:2)
  2 wyvern zombies (D:7)
  14 wights
  29 killer bees
  2 howler monkeys
  4 electric eels
  6 centaur zombies
  A gnoll bouda (Lair:5)
  A jelly (D:5)
  2 hounds
  7 iguanas
  15 orc priests
  A sleepcap (D:5)
  Ijyb (D:3)
  Terence (D:3)
  33 orc wizards
  A killer bee zombie (D:7)
  2 howler monkey zombies (D:10)
  Robin (D:4)
  7 gnolls
  5 adders
  2 white imps (D:5)
  2 ufetubi (D:5)
  A ribbon worm (Lair:3)
  102 orcs
  4 bats
  12 endoplasms
  5 giant cockroaches
  12 goblins
  12 hobgoblins
  5 jackals
  7 quokkas
  5 ball pythons
  6 frilled lizards
  20 kobolds
  7 rats
  An aspiring flesh (Zot:1)
  8 tentacles (Shoals:1)
2390 creatures vanquished.

Vanquished Creatures (collateral kills)
  A cyclops (Shoals:4)
  A merfolk siren (Shoals:4)
  A tengu conjurer (D:13)
  2 snapping turtles (Shoals:4)
  A white draconian simulacrum (Zot:1)
  2 sleepcaps (D:6)
  An adder (D:6)
  An orc (D:8)
10 creatures vanquished.

Vanquished Creatures (others)
  A fire giant (D:15)
  A draconian knight (Zot:5)
  A jorogumo (Zot:1)
  A deep elf knight (Elf:1)
  A human skeleton (Vaults:3)
  A water elemental (Elf:1)
  2 wights
  4 orcs (Orc:2)
  4 starspawn tentacles (WizLab)
  33 tentacles (Shoals:1)
49 creatures vanquished.

Grand Total: 2449 creatures vanquished

Notes
Turn   | Place    | Note
-------+----------+-------------------------------------------
     0 | D:1      | benadryl the Gargoyle Fighter began the quest for the Orb.
     0 | D:1      | Reached XP level 1. HP: 14/14 MP: 1/1
   249 | D:1      | Reached XP level 2. HP: 18/20 MP: 2/2
   383 | D:1      | Found a faded altar of an unknown god.
   394 | D:1      | You fall into a shaft and drop 1 floor!
   418 | D:1      | Found Doahazaf's Book Shoppe.
   421 | D:1      | Reached XP level 3. HP: 22/24 MP: 3/3
  1236 | D:2      | Reached XP level 4. HP: 30/30 MP: 4/4
  1865 | D:3      | Noticed Terence
  1882 | D:3      | Killed Terence
  1883 | D:3      | Reached skill level 5 in Fighting
  1971 | D:3      | Noticed Grinder
  1971 | D:3      | Paralysed by Grinder for 5 turns
  2006 | D:3      | Killed Grinder
  2007 | D:3      | Reached XP level 5. HP: 23/37 MP: 5/5
  2007 | D:3      | Reached XP level 6. HP: 26/42 MP: 6/6
  2334 | D:3      | Noticed Ijyb
  2359 | D:3      | Killed Ijyb
  2537 | D:4      | Noticed Pikel
  3060 | D:4      | Killed Pikel
  3061 | D:4      | Reached XP level 7. HP: 35/50 MP: 7/7
  3154 | D:4      | Noticed Robin
  3162 | D:4      | Killed Robin
  3249 | D:4      | Reached XP level 8. HP: 55/55 MP: 8/8
  3601 | D:4      | Reached skill level 5 in Axes
  3847 | D:5      | Entered Level 5 of the Dungeon
  4055 | D:5      | Found Kik Ban's Antique Weapon Shoppe.
  5163 | D:6      | Reached XP level 9. HP: 60/60 MP: 9/9
  5830 | D:7      | Found a staircase to the Ecumenical Temple.
  5840 | Temple   | Entered the Ecumenical Temple
  5923 | Temple   | Became a worshipper of Qazlal Stormbringer
  6124 | D:7      | Noticed a troll
  6154 | D:7      | Killed a troll
  6155 | D:7      | Reached skill level 10 in Axes
  6533 | D:7      | Reached XP level 10. HP: 55/65 MP: 10/10
  6717 | D:8      | Noticed Grum
  6721 | D:8      | Reached * piety under Qazlal
  6722 | D:8      | Reached skill level 1 in Invocations
  6725 | D:8      | Reached skill level 2 in Invocations
  6732 | D:8      | Killed Grum
  6733 | D:8      | Reached skill level 3 in Invocations
  6779 | D:8      | Noticed a two-headed ogre
  6806 | D:8      | Killed a two-headed ogre
  6807 | D:8      | Reached skill level 5 in Invocations
  6936 | D:8      | Found a staircase to the Lair.
  6947 | D:8      | Reached skill level 6 in Invocations
  7186 | D:8      | Reached skill level 7 in Invocations
  7398 | D:8      | Reached ** piety under Qazlal
  7482 | D:8      | Noticed Maurice
  7565 | D:8      | Something stole an amulet of reflection
  7565 | D:8      | Something stole 8 boomerangs
  7572 | D:8      | Killed Maurice
  7573 | D:8      | Reached skill level 8 in Invocations
  7697 | D:8      | Reached skill level 9 in Invocations
  8218 | D:8      | Reached XP level 11. HP: 69/69 MP: 16/18
  9057 | D:9      | Reached skill level 10 in Invocations
  9074 | D:9      | Noticed Erica
  9076 | D:9      | Noticed a two-headed ogre
  9096 | D:10     | Entered Level 10 of the Dungeon
  9507 | D:9      | Killed a two-headed ogre
  9508 | D:9      | Reached skill level 5 in Shields
  9787 | D:9      | Identified the +0 scale mail of Follow the Leader {rF++
                  | Regen+ Int-3 SInv}
  9905 | D:9      | Killed Erica
  9933 | D:9      | Identified a scroll of acquirement
  9933 | D:9      | Acquired a manual of Throwing
 10147 | D:9      | Noticed a two-headed ogre
 10156 | D:9      | Killed a two-headed ogre
 10217 | D:9      | Found a glowing silver altar of Zin.
 10217 | D:9      | Found a snail-covered altar of Cheibriados.
 10218 | D:9      | Found a white marble altar of Elyvilon.
 10290 | D:9      | Reached skill level 5 in Throwing
 10474 | D:10     | Noticed a tengu warrior
 10474 | D:10     | Noticed a green ugly thing
 10514 | D:10     | Found a basalt altar of Yredelemnul.
 10632 | Lair:1   | Entered Level 1 of the Lair of Beasts
 10672 | Lair:1   | Identified the ring of Propriety {rN+ MP+9 Stlth+}
 11065 | Lair:1   | Reached XP level 12. HP: 75/75 MP: 19/19
 11171 | Lair:1   | Reached skill level 10 in Throwing
 11180 | Lair:1   | Reached *** piety under Qazlal
 11240 | Lair:1   | You fall into a shaft and drop 1 floor!
 11452 | Lair:2   | Reached skill level 1 in Evocations
 11690 | Lair:2   | Identified the +0 chain mail of the Grue {Harm rElec Dex-2}
 12050 | Lair:3   | Noticed a five-headed hydra
 12057 | Lair:3   | Killed a five-headed hydra
 12062 | Lair:3   | Found a staircase to the Shoals.
 12167 | Lair:3   | Reached skill level 10 in Fighting
 12173 | Lair:3   | Reached **** piety under Qazlal
 12298 | Lair:3   | Reached XP level 13. HP: 64/85 MP: 20/20
 12425 | Lair:3   | Found a hole to the Spider Nest.
 12921 | Lair:4   | Reached ***** piety under Qazlal
 12923 | Lair:4   | Reached skill level 5 in Evocations
 13493 | Lair:4   | Noticed Nessos
 13498 | Lair:4   | Killed Nessos
 13939 | Lair:5   | Entered Level 5 of the Lair of Beasts
 13944 | Lair:5   | Noticed Urug
 14112 | Lair:4   | Reached skill level 5 in Armour
 14137 | Lair:5   | Killed Urug
 14229 | Lair:5   | Gained mutation: Your large and strong wings let you fly.
                  | [Gargoyle growth]
 14229 | Lair:5   | Reached XP level 14. HP: 70/92 MP: 21/21
 14418 | Lair:5   | Reached skill level 1 in Dodging
 14463 | Lair:5   | Identified the +2 falchion of the Mauling Fool {elec,
                  | Int+3}
 14695 | Lair:5   | Reached ****** piety under Qazlal
 14756 | Lair:5   | Found a viscous altar of Jiyva.
 14772 | Lair:5   | Found a staircase to the Slime Pits.
 14775 | Lair:5   | Reached skill level 5 in Dodging
 15031 | D:10     | Noticed Joseph
 15044 | D:10     | Killed Joseph
 15109 | D:10     | Noticed Maggie
 15118 | D:10     | Killed Maggie
 15353 | D:10     | Noticed Gastronok
 15361 | D:10     | Killed Gastronok
 15448 | D:10     | Found a hazy altar of Hepliaklqana.
 15542 | D:10     | Found a staircase to the Orcish Mines.
 15587 | Orc:1    | Entered Level 1 of the Orcish Mines
 15847 | Orc:1    | Noticed a kraken
 15922 | Orc:1    | Noticed an orc warlord
 15942 | Orc:1    | Killed an orc warlord
 16272 | Orc:2    | Entered Level 2 of the Orcish Mines
 16272 | Orc:2    | Found Iryclinoph's Armour Shoppe.
 16349 | Orc:2    | Identified the maw talisman "Vuetiafa" {rCorr}
 16349 | Orc:2    | Noticed Rupert
 16355 | Orc:2    | Paralysed by Rupert for 2 turns
 16357 | Orc:2    | Killed Rupert
 16361 | Orc:2    | Found a staircase to the Elven Halls.
 16410 | Orc:2    | Reached XP level 15. HP: 85/96 MP: 22/22
 16611 | Orc:2    | Noticed an orc warlord
 16657 | Orc:1    | Killed an orc warlord
 16723 | Orc:2    | Gained mutation: Your body sometimes deteriorates upon
                  | taking damage. [a neqoxec]
 16730 | Orc:2    | Gained mutation: You are frail. (-10% HP) [a neqoxec]
 17697 | Orc:2    | Found Ebyeho Kaqo's Book Shoppe.
 17697 | Orc:2    | Found Jiuhyrut's Book Boutique.
 17697 | Orc:2    | Found Ecakhosch's Weapon Boutique.
 17697 | Orc:2    | Found Plog's Assorted Antiques.
 17710 | Orc:2    | Bought a scroll of teleportation for 78 gold pieces
 17775 | Orc:2    | Noticed an orc warlord
 17787 | Orc:2    | Killed an orc warlord
 17801 | Orc:2    | Noticed an orc warlord
 17824 | Orc:2    | Killed an orc warlord
 18719 | D:11     | Reached skill level 15 in Fighting
 19743 | D:13     | Reached XP level 16. HP: 96/97 MP: 23/23
 19981 | D:13     | Found a transporter.
 20027 | D:13     | Lost mutation: You are frail. (-10% HP) [potion of
                  | mutation]
 20027 | D:13     | Lost mutation: Your body sometimes deteriorates upon taking
                  | damage. [potion of mutation]
 20027 | D:13     | Gained mutation: Armour fits poorly on your strangely
                  | shaped body. [potion of mutation]
 20109 | D:13     | Found a transporter.
 20109 | D:13     | Noticed Deukiw's ghost (journeyman SpEn)
 20244 | D:13     | Found Uqipad's Jewellery Shop.
 20617 | D:14     | Found a gate to the Vaults.
 21275 | D:15     | Entered Level 15 of the Dungeon
 21557 | Shoals:1 | Entered Level 1 of the Shoals
 21612 | Shoals:1 | Found a transporter.
 21634 | Shoals:1 | Found a transporter.
 21634 | Shoals:1 | Found Ryolaiz's Distillery.
 21646 | Shoals:1 | Bought a potion of heal wounds for 80 gold pieces
 21646 | Shoals:1 | Bought a potion of resistance for 160 gold pieces
 21646 | Shoals:1 | Bought a potion of might for 64 gold pieces
 21668 | Shoals:1 | Noticed a kraken
 21678 | Shoals:1 | Killed a kraken
 21729 | Shoals:1 | Reached skill level 11 in Invocations
 22051 | Shoals:1 | Noticed a kraken
 22063 | Shoals:1 | Killed a kraken
 22125 | Shoals:1 | Noticed a kraken
 22138 | Shoals:1 | Killed a kraken
 22165 | Shoals:1 | Reached skill level 12 in Invocations
 22409 | Shoals:1 | Noticed a kraken
 22705 | Shoals:1 | Killed a kraken
 22709 | Shoals:1 | Reached skill level 10 in Armour
 22885 | Shoals:1 | Got the Atlas of Combat Magic
 23291 | Shoals:2 | Reached XP level 17. HP: 117/117 MP: 26/26
 23470 | Shoals:2 | Reached skill level 15 in Axes
 24093 | Shoals:2 | Acquired a manual of Axes
 24095 | Shoals:2 | Acquired a manual of Invocations
 24097 | Shoals:2 | Acquired a manual of Invocations
 24590 | Shoals:3 | Found Lazaet's Assorted Antiques.
 24599 | Shoals:3 | Bought a potion of haste for 270 gold pieces
 24883 | Shoals:4 | Entered Level 4 of the Shoals
 25210 | Shoals:4 | Reached skill level 13 in Invocations
 25405 | Shoals:4 | Reached skill level 14 in Invocations
 25459 | Shoals:4 | Identified the ring "Music" {rCorr Slay+4}
 25548 | Shoals:4 | Reached skill level 15 in Invocations
 25614 | Shoals:4 | Identified the +4 quarterstaff "Mebel" {venom, +Blink
                  | Will+}
 25673 | Shoals:4 | Identified the +1 robe "Zipaph" {Int+3}
 25950 | Shoals:4 | Got a barnacled rune of Zot
 26158 | Spider:1 | Entered Level 1 of the Spider Nest
 26165 | Spider:1 | Reached skill level 16 in Invocations
 26210 | Spider:1 | Reached XP level 18. HP: 96/124 MP: 21/30
 26310 | Spider:1 | Reached skill level 17 in Invocations
 26330 | Spider:1 | Noticed Asterion
 26340 | Spider:1 | Killed Asterion
 26432 | Spider:1 | Found a glacial archway.
 26451 | IceCv    | Entered an ice cave
 26512 | IceCv    | Reached skill level 18 in Invocations
 27187 | IceCv    | Noticed an Ice Fiend
 27194 | IceCv    | Killed an Ice Fiend
 27292 | IceCv    | Identified the -1 pair of boots of Ennui {rPois MP+9 Str+3
                  | Int+4}
 27294 | IceCv    | Identified the +2 pair of boots of Hopscotch {Regen+ Str+5
                  | Int+2}
 28187 | Spider:2 | Reached skill level 10 in Shields
 29054 | Spider:3 | Noticed Louise
 29055 | Spider:3 | Killed Louise
 29056 | Spider:3 | Reached skill level 19 in Invocations
 29086 | Spider:2 | Reached XP level 19. HP: 112/128 MP: 29/32
 29378 | Spider:3 | Reached skill level 20 in Invocations
 29755 | Spider:4 | Entered Level 4 of the Spider Nest
 31444 | Spider:4 | Got a gossamer rune of Zot
 31805 | Elf:1    | Entered Level 1 of the Elven Halls
 31821 | Elf:1    | Reached skill level 15 in Shields
 32017 | Elf:1    | Found a portal to a secret trove of treasure.
 32062 | Elf:1    | Found Meycotot's Jewellery Emporium.
 32275 | Elf:1    | Found a crumbling gateway.
 32440 | Elf:1    | You are sucked into a shaft and drop 1 floor!
 32466 | Elf:2    | Found a runed translucent gate.
 32466 | Elf:2    | Found a runed translucent gate.
 32466 | Elf:2    | Found a runed translucent gate.
 32641 | Elf:1    | Noticed Roxanne
 32663 | Elf:1    | Killed Roxanne
 32710 | Elf:1    | Found a runed translucent gate.
 32710 | Elf:1    | Found a runed translucent gate.
 32710 | Elf:1    | Found a runed translucent gate.
 32710 | Elf:1    | Noticed Vila42's ghost (adept GrMo)
 32730 | Elf:1    | Reached XP level 20. HP: 134/134 MP: 34/34
 32898 | Elf:1    | Killed Vila42's ghost
 33180 | Elf:2    | Found Zalivvih's General Store.
 33198 | Elf:2    | Bought a scroll of acquirement for 832 gold pieces
 33198 | Elf:2    | Acquired 579 gold pieces
 33200 | Elf:2    | Bought a potion of invisibility for 128 gold pieces
 33200 | Elf:2    | Bought a scroll of blinking for 120 gold pieces
 33396 | Elf:2    | Found Aceamy's General Store.
 33396 | Elf:2    | Found Rikadut's Antique Armour Boutique.
 33414 | Elf:2    | Bought a scroll of enchant weapon for 127 gold pieces
 33761 | Elf:3    | Entered Level 3 of the Elven Halls
 34435 | Vaults:1 | Entered Level 1 of the Vaults
 34521 | Vaults:1 | Reached skill level 15 in Armour
 34917 | Vaults:1 | Found Ijatigow's Armour Emporium.
 35202 | Vaults:1 | Reached skill level 21 in Invocations
 35794 | Vaults:2 | Reached XP level 21. HP: 139/139 MP: 35/35
 35808 | Vaults:2 | Noticed Zenata
 35827 | Vaults:2 | Killed Zenata
 35831 | Vaults:2 | Reached skill level 22 in Invocations
 35870 | Vaults:2 | Found a magical portal.
 35883 | WizLab   | Entered Lehudib's Moon Base
 36308 | WizLab   | Identified the ring of Mosych {rF+ Dex+2}
 36404 | WizLab   | Identified the +4 scale mail "Sibasimu" {-Tele Str+4 Int+3}
 36609 | WizLab   | Identified the ring "Odyomad" {rF+ rC+ Str+9 Int-2}
 36666 | WizLab   | Gained mutation: Your body sometimes deteriorates upon
                  | taking damage. [a cacodemon]
 36827 | WizLab   | Found a transporter.
 37060 | WizLab   | Found a transporter.
 37233 | WizLab   | Identified the amulet of Ugee {Regen+ rCorr MP+9 Str+3
                  | Dex-5}
 37501 | Vaults:2 | Noticed a dread lich
 37502 | Vaults:2 | Noticed Sojobo
 37506 | Vaults:2 | Killed a dread lich
 37510 | Vaults:2 | Killed Sojobo
 37511 | Vaults:2 | Reached skill level 10 in Dodging
 37708 | Vaults:2 | Lost mutation: Armour fits poorly on your strangely shaped
                  | body. [potion of mutation]
 37708 | Vaults:2 | Lost mutation: Your body sometimes deteriorates upon taking
                  | damage. [potion of mutation]
 37708 | Vaults:2 | Gained mutation: You are somewhat resistant to further
                  | mutation. [potion of mutation]
 37708 | Vaults:2 | Gained mutation: You passively map a small area around you.
                  | [potion of mutation]
 37708 | Vaults:2 | Gained mutation: You have very sharp teeth. [potion of
                  | mutation]
 38173 | D:1      | Bought a manual of Dodging for 1040 gold pieces
 39103 | Vaults:3 | Reached XP level 22. HP: 145/145 MP: 37/37
 39500 | Vaults:3 | Found a staircase to the Crypt.
 39500 | Vaults:3 | Found an ancient bone altar of Kikubaaqudgha.
 39501 | Vaults:3 | Found a basalt altar of Yredelemnul.
 39742 | Vaults:3 | Acquired 830 gold pieces
 40203 | Vaults:4 | Reached skill level 15 in Dodging
 41682 | Vaults:5 | Entered Level 5 of the Vaults
 41682 | Vaults:5 | Noticed an ancient lich
 41731 | Vaults:5 | Killed an ancient lich
 41731 | Vaults:5 | Noticed a golden dragon
 41735 | Vaults:5 | Killed a golden dragon
 41749 | Vaults:4 | Reached XP level 23. HP: 119/153 MP: 19/38
 41771 | Vaults:5 | Noticed a dread lich
 41776 | Vaults:5 | Killed a dread lich
 42214 | Vaults:5 | Noticed Mara
 42217 | Vaults:5 | Identified the +11 flail of Triumph {pain, rC- Dex+3 SInv}
 42220 | Vaults:5 | Noticed benadryl's illusion
 42229 | Vaults:5 | Killed Mara
 42285 | Vaults:5 | Acquired 652 gold pieces
 42334 | Vaults:5 | Noticed a dread lich
 42336 | Vaults:5 | Reached skill level 23 in Invocations
 42500 | Crypt:1  | Entered Level 1 of the Crypt
 43532 | D:15     | Found a staircase to the Depths.
 43540 | Depths:1 | Entered Level 1 of the Depths
 43562 | Depths:1 | Reached skill level 24 in Invocations
 44034 | Depths:1 | Reached XP level 24. HP: 155/163 MP: 39/39
 44108 | Depths:1 | Found a gateway to Hell.
 44169 | Depths:1 | Found a radiant altar of Vehumet.
 44536 | Depths:2 | Found Hutoag Zujum's Book Shoppe.
 44666 | Depths:2 | Found Luavva's General Store.
 44707 | Depths:2 | Found a one-way gate leading to the halls of Pandemonium.
 44950 | Depths:2 | Found a one-way gateway to a ziggurat.
 45437 | Depths:3 | Reached skill level 15 in Throwing
 45456 | Depths:3 | Found a one-way gate to the infinite horrors of the Abyss.
 46192 | Depths:3 | Found a glowing golden altar of the Shining One.
 46279 | Depths:4 | Entered Level 4 of the Depths
 46499 | Depths:4 | Found an ancient bone altar of Kikubaaqudgha.
 46784 | Depths:4 | Noticed the Enchantress
 46791 | Depths:4 | Killed the Enchantress
 47053 | Depths:4 | Found Tezokhou's Antique Weapon Shoppe.
 47462 | Depths:4 | Reached XP level 25. HP: 172/172 MP: 39/39
 47529 | Depths:4 | Found a gate to the Realm of Zot.
 47847 | Vaults:5 | Killed a dread lich
 47848 | Vaults:5 | Gained mutation: You are vulnerable to cold. (rC-) [a
                  | shining eye]
 47977 | Vaults:5 | Got a silver rune of Zot
 48080 | Vaults:5 | Noticed a dread lich
 48089 | Vaults:5 | Killed a dread lich
 48177 | Vaults:5 | Acquired a manual of Evocations
 48195 | Vaults:5 | Identified the staff "Famooga" {rN+ Will+ Str-5 Necro
                  | Earth}
 48274 | Vaults:5 | Got the Spellbook of the Tectonic Legion
 48374 | Vaults:5 | Got the Volume of Abhorrent Liturgies
 48803 | Slime:1  | Entered Level 1 of the Pits of Slime
 49221 | Slime:3  | Lost mutation: You are vulnerable to cold. (rC-) [potion of
                  | mutation]
 49221 | Slime:3  | Lost mutation: You are somewhat resistant to further
                  | mutation. [potion of mutation]
 49221 | Slime:3  | Gained mutation: You are vulnerable to cold. (rC-) [potion
                  | of mutation]
 49221 | Slime:3  | Gained mutation: Your natural rate of healing is unusually
                  | fast. [potion of mutation]
 49221 | Slime:3  | Gained mutation: You possess an exceptional clarity of
                  | mind. [potion of mutation]
 49222 | Slime:3  | Lost mutation: You have very sharp teeth. [potion of
                  | mutation]
 49222 | Slime:3  | Lost mutation: You possess an exceptional clarity of mind.
                  | [potion of mutation]
 49222 | Slime:3  | Gained mutation: You are somewhat resistant to further
                  | mutation. [potion of mutation]
 49401 | Slime:5  | Entered Level 5 of the Pits of Slime
 49947 | Slime:5  | Gained mutation: You occasionally shout uncontrollably at
                  | your foes. [a shining eye]
 50235 | Slime:5  | Found a viscous altar of Jiyva.
 50277 | Slime:5  | Noticed the Royal Jelly
 50281 | Slime:5  | Killed the Royal Jelly
 50282 | Slime:5  | Reached skill level 25 in Invocations
 50335 | Slime:5  | Got a slimy rune of Zot
 50340 | Slime:5  | Got the Elucidation of the Scorching Nimbus
 50348 | Slime:5  | Identified the ring of Quler {Fly rC+ Str+2 Dex-2}
 50352 | Slime:5  | Got Amuret's Textbook on the Flinty Geodesic
 50376 | Slime:5  | Identified the +2 war axe "Lemenk" {pain, rPois rN+ Stlth+}
 50433 | Slime:5  | Identified the +0 chain mail of Immorality {-Cast rElec
                  | rF+}
 50436 | Slime:5  | Identified the +10 dire flail of Sask {heavy, MP+9 Stlth+}
 51206 | Zot:1    | Entered Level 1 of the Realm of Zot
 51278 | Zot:1    | Identified the ring "Dopsethri" {Ice Will++ Str-2 Dex+5}
 51278 | Zot:1    | Noticed Josephina
 51279 | Zot:1    | Reached XP level 26. HP: 87/180 MP: 33/39
 51432 | Zot:1    | Killed Josephina
 51574 | Zot:1    | Reached skill level 26 in Invocations
 53496 | Zot:4    | Identified the +1 cloak of Mezcal {Regen+ Int+2}
 53549 | Zot:5    | Entered Level 5 of the Realm of Zot
 54557 | Zot:5    | Noticed a dread lich
 54593 | Zot:5    | Killed a dread lich
 54594 | Zot:5    | Reached skill level 10 in Evocations
 54602 | Zot:5    | Noticed an ancient lich
 54604 | Zot:5    | Noticed an orb of fire
 54608 | Zot:5    | Noticed a dread lich
 54614 | Zot:5    | Killed an ancient lich
 54614 | Zot:5    | Killed a dread lich
 54618 | Zot:5    | Killed an orb of fire
 54663 | Zot:5    | Noticed a dread lich
 54671 | Zot:5    | Killed a dread lich
 54697 | Zot:5    | Noticed an orb of fire
 54728 | Zot:5    | Killed an orb of fire
 54738 | Zot:5    | Noticed an ancient lich
 54741 | Zot:5    | Noticed an orb of fire
 54760 | Zot:5    | Killed an ancient lich
 54761 | Zot:5    | Reached XP level 27. HP: 165/195 MP: 40/40
 54768 | Zot:5    | Killed an orb of fire
 54790 | Zot:5    | Noticed a dread lich
 54807 | Zot:5    | Killed a dread lich
 54937 | Zot:5    | Noticed an ancient lich
 54949 | Zot:5    | Killed an ancient lich
 54965 | Zot:5    | Noticed an ancient lich
 54973 | Zot:5    | Killed an ancient lich
 54974 | Zot:5    | Reached skill level 15 in Evocations
 55301 | Zot:5    | Noticed an ancient lich
 55307 | Zot:5    | Killed an ancient lich
 55473 | Zot:5    | Got the Orb of Zot
 55575 | Zot:4    | Noticed a seraph
 55793 | D:15     | Noticed an ancient lich
 55913 | D:8      | Found an opulent altar of Gozag.
 55913 | D:8      | Found a glowing golden altar of the Shining One.
 56013 | D:3      | Noticed Kittea Zogh the pandemonium lord
 56060 | D:$      | Escaped with the Orb!

Illustrated notes

Levels and vault maps discovered:
D:1:      grunt_arrival_crossed_arrows, layout_loops_ring, serial_shops,
          nicolae_shop_tiny_glass, ebering_ecumenical_altar_mist
D:2:      layout_loops_ring, grunt_decor_clamped, roderic_roman_lattice,
          minmay_pentomino_t4
D:3:      layout_rooms, uniq_ijyb, uniq_grinder, uniq_terence
D:4:      layout_loops_corners, uniq_pikel, uniq_robin
D:5:      minmay_spotlight, layout_loops_corners, serial_shops, shop,
          kennysheep_small_square
D:6:      layout_rooms
D:7:      layout_cave_pools, minmay_temple_entry_mini_moons, serial_undead,
          serial_undead_b, serial_undead_d, serial_undead_f, serial_undead_d
D:8:      lemuel_ice_spiral_2, layout_basic, nicolae_overflow_hidden_temple,
          grunt_lair_entry_orc_guard_hut, minmay_lizard_king, uniq_grum,
          uniq_maurice
D:9:      layout_basic, gammafunk_temple_overflow_claw,
          hangedman_abyss_or_decor_clamps, minmay_fractal_squares_5, uniq_erica
D:10:     layout_cave_pools, mainiacjoe_overflow_small_starburst,
          nicolae_yredelemnul_corpse_copse, erik_orc_1, enter_bailey_5,
          minivault_20, roderic_malta_cross,
          serial_library_hellmonk_statue_hall, uniq_joseph, uniq_maggie,
          uniq_gastronok
D:11:     layout_roguey [special_room_bee]
D:12:     layout_cave_pods
D:13:     layout_loops_ring, serial_shops, shop,
          gammafunk_ghost_berserking_beasts,
          nicolae_concentric_dashed_squares_wild
D:14:     layout_roguey, hangedman_vaults_entry_quadrant_bands
D:15:     gammafunk_enter_depths_forms, layout_loops_ring, minivault_19
Temple:   regret_index_temple_waves
Lair:1:   layout_roguey, grunt_forest_small_clearing_treed
Lair:2:   layout_loops_ring, serial_bayou_shore_b, grunt_megastairs_2
Lair:3:   layout_misc_corridors, shoals_dummy_entry,
          nicolae_spider_entry_non_spiders, hellmonk_talismancer
Lair:4:   layout_regular_city, uniq_nessos
Lair:5:   grunt_lair_end_beastmaster, layout_big_grid,
          minmay_slime_entry_oklob_enclosed, dreamdust_gnoll_shepherd,
          serial_bayou_shore_a, uniq_urug
Shoals:1: nicolae_shoals_lighthouse, layout_shoals, serial_shops,
          nicolae_shop_drivethru
Shoals:2: layout_shoals
Shoals:3: layout_shoals, serial_shops, shop
Shoals:4: shoals_end_grunt_garden, layout_shoals
Spider:1: layout_spider_delve, portal_ice_cave_entry_ice_statue_one,
          uniq_asterion
Spider:2: nicolae_spider_hall_of_the_moth_king, hellmonk_watch_for_rolling_rocks
Spider:3: layout_spider_delve, hangedman_stitches_earthworm, uniq_louise
Spider:4: guppyfry_spider_rune, nicolae_spider_paper_wasps
Slime:1:  layout_caves
Slime:2:  layout_caves
Slime:3:  layout_caves, cheibrodos_slime_lost_civilization_7
Slime:4:  layout_caves
Slime:5:  slime_pit_nicolae_amoeboid
Orc:1:    layout_caves, mainiacjoe_minedec_watcher_in_the_water
Orc:2:    st_orc_ogre_mass, layout_caves, basic_altar, serial_shops, shop,
          nicolae_orc_flooded_monolith, minmay_orc_treasury, uniq_rupert
Elf:1:    layout_geoelf_grid, nicolae_trove_entry_isolated,
          portal_desolation_entry_salt, gammafunk_ghost_split, serial_shops,
          nicolae_shop_gaudy_bauble, kennysheep_underground_church, uniq_roxanne
Elf:2:    nicolae_elf_blades_splatter_lattice
          [nicolae_blade_entry_hurt_lockers], layout_gridlike, serial_shops,
          shop, st_stairs_7, minmay_shoptagon
Elf:3:    minmay_elf_hall_furrowed, layout_onion_city
Vaults:1: nicolae_vaults_what_the_h, nicolae_vaults_heart-shaped_vault,
          nicolae_vaults_taking_the_gang_shopping, v_misc_8,
          hangedman_vaults_maws, hangedman_vaults_stagger, v_misc_28,
          nicolae_vaults_ring_of_whatevers, vaults_dpeg_spiral,
          layout_vaults_ring
Vaults:2: infiniplex_enter_wizlab_glasses, serial_library_hellmonk_open_square,
          nicolae_vaults_you_can_take_it_with_you, nicolae_vaults_rhombus_6,
          hangedman_vaults_snaps, v_misc_25, v_alt_pattern_6,
          nicolae_vaults_wrenched, v_misc_22, v_pattern_3,
          hangedman_vaults_restitches, layout_vaults_omnicross, uniq_sojobo,
          uniq_zenata
Vaults:3: grunt_vaults_twisty, nicolae_vaults_shipping_containers_6,
          minmay_crypt_entry_necro_gods, hangedman_vaults_corner,
          vaults_mumra_chevron, nicolae_vaults_circle_grid_a,
          nicolae_vaults_tetromino_L_1, dpeg_vaults_monster_row,
          nicolae_vaults_tetromino_T_1, nicolae_vaults_wine_cellar,
          layout_vaults_maze_snakey
Vaults:4: v_pattern_1, v_misc_28, nicolae_vaults_mini_display_case, v_rooms_5,
          nicolae_vaults_angled_halls, v_misc_5,
          nicolae_vaults_hexular_roomagon, grunt_vaults_hallway_long,
          nicolae_vaults_apartment_1, ontoclasm_vaults_shuriken,
          layout_vaults_quadrants
Vaults:5: uniq_mara
Crypt:1:  layout_misc_corridors, gammafunk_ghost_cemetery, basic_altar
Depths:1: minmay_firetagon, layout_gridville, grunt_mini_vestibule,
          nicolae_tricolors, st_stairs_10, nicolae_vehumet_altar_sigil
Depths:2: minmay_skeletal_surprise, layout_cave_pools, enter_ziggurat_a,
          serial_shops, kennysheep_mini, nicolae_shop_trees, hell_entry,
          pan_entry, grunt_decor_arrowhead, infiniplex_staircase_star
Depths:3: wad_lake_hut, layout_long_grid, tso_metal_star,
          rand_demon_pan_entry_7, pf_coc_iceberg,
          nicolae_abyss_entry_one_way_or_another, abandoned_shop
Depths:4: grunt_zot_entry_hairpin, layout_basic, hellmouth_1,
          kiku_gazebo_pond_becter, serial_shops, shop, uniq_enchantress
Zot:1:    layout_onion, uniq_josephina
Zot:2:    layout_gridlike, grunt_megastairs_5
Zot:3:    layout_gridlike
Zot:4:    layout_onion, uniq_grunn
Zot:5:    layout_twisted_circle

Skill      XL: |  1  2  3  4  5  6  7  8  9 10 11 12 13 14 15 16 17 18 19 20 21 22 23 24 25 26 27 |
---------------+----------------------------------------------------------------------------------+-----
Axes           | 2 3 4 8 11 13 14 18 | 18.0
Fighting       | 4 6 8 11 12 15 17 18 20 21 23 25 | 25.7
Invocations    | 9 10 12 16 19 20 21 22 24 25 26 | 26.0
Shields        | 5 12 16 17 18 | 18.0
Throwing       | 9 12 16 | 16.0
Evocations     | 3 8 13 15 | 15.0
Armour         | 8 9 10 18 19 | 19.9
Dodging        | 6 11 16 | 16.1
Spellcasting   | 2 |  2.8

Action                     |  1- 3 |  4- 6 |  7- 9 | 10-12 | 13-15 | 16-18 | 19-21 | 22-24 | 25-27 || total
---------------------------+-------+-------+-------+-------+-------+-------+-------+-------+-------++-------
  Melee: War axe           |    96 |   146 |   234 |   436 |   598 |       |       |       |       ||  1510
         Unarmed           |       |    10 |       |       |       |       |       |       |       ||    10
         Broad axe         |       |       |       |       |   146 |  1254 |  1378 |  1340 |   934 ||  5052
         Eveningstar       |       |       |       |       |     8 |     4 |    28 |    71 |    32 ||   143
         Bite              |       |       |       |       |       |       |    11 |   253 |    39 ||   303
  Throw: Boomerang         |       |       |       |   104 |    51 |   224 |    89 |    57 |   233 ||   758
         Javelin           |       |       |       |       |       |     4 |    19 |    16 |     8 ||    47
 Invoke: Upheaval          |       |       |       |     2 |     9 |    15 |     7 |    10 |     4 ||    47
         Disaster Area     |       |       |       |       |     4 |     9 |     8 |    10 |     5 ||    36
         Elemental Force   |       |       |       |       |       |     1 |       |       |     1 ||     2
Ability: Evoke Invisibilit |       |       |       |       |     1 |       |       |       |       ||     1
  Evoke: Wand              |       |     1 |    12 |    11 |     4 |     6 |     1 |     1 |     3 ||    39
         Lightning rod     |       |       |       |       |       |       |       |     2 |       ||     2
         Phial of floods   |       |       |       |       |       |       |       |     1 |       ||     1
         Phantom mirror    |       |       |       |       |       |       |       |     1 |       ||     1
         Tin of tremorston |       |       |       |       |       |       |       |       |     1 ||     1
         Box of beasts     |       |       |       |       |       |       |       |       |     1 ||     1
    Use: Scroll            |     1 |       |    12 |    16 |    10 |    11 |     4 |     4 |    23 ||    81
         Potion            |       |     3 |     7 |     4 |     9 |    13 |     2 |     1 |     9 ||    48
   Stab: Invisible         |       |       |       |     7 |    18 |     6 |       |       |       ||    31
         Petrified         |       |       |       |       |     4 |       |       |       |       ||     4
 Armour: Scale mail        |    21 |       |       |   215 |   408 |  1010 |   557 |    80 |       ||  2291
         Ring mail         |    38 |   127 |   141 |   123 |    54 |       |       |       |       ||   483
         Skin              |       |     2 |    10 |    10 |     4 |       |       |       |       ||    26
         Crystal plate arm |       |       |       |       |       |    76 |       |       |       ||    76
         Troll leather arm |       |       |       |       |       |       |    51 |   532 |    19 ||   602
         Gold dragon scale |       |       |       |       |       |       |       |       |   495 ||   495
         Acid dragon scale |       |       |       |       |       |       |       |       |    58 ||    58
  Dodge: Dodged            |    50 |    93 |   103 |   180 |   280 |   544 |   278 |   413 |   236 ||  2177
         Repelled          |       |       |       |       |     7 |    13 |     7 |    12 |    33 ||    72
  Block: Buckler           |    18 |    59 |    98 |    16 |       |       |       |       |       ||   191
         Kite shield       |       |       |       |   367 |   963 |  1445 |    94 |       |       ||  2869
         Tower shield      |       |       |       |       |       |       |  1738 |  1824 |  1245 ||  4807
